 Dungeon Crawl Stone Soup version 0.27.0-1-g7a089689b8 (webtiles) character file.

Game seed: 11857340336354939763

1198 sobakacece the Cleaver (level 8, -4/66 HPs)
             Began as a Minotaur Fighter on Aug 15, 2021.
             Was a Follower of Okawaru.
             Killed by nerve-wracking pain
             ... invoked by an orc priest
              (10 damage)
             ... on level 6 of the Dungeon.
             The game lasted 00:08:03 (5778 turns).

sobakacece the Cleaver (Minotaur Fighter)           Turns: 5778, Time: 00:08:03

Health: -4/66      AC: 11    Str: 23    XL:     8   Next: 20%
Magic:  7/7        EV:  4    Int:  5    God:    Okawaru [*.....]
Gold:   367        SH:  9    Dex: 10    Spells: 7/7 levels left

rFire    . . .     SeeInvis +   a - +1 war axe
rCold    . . .     Faith    .   c - +0 kite shield
rNeg     . . .     Spirit   .   o - +0 plate armour
rPois    .         Reflect  .   (helmet restricted)
rElec    .         Harm     .   (no cloak)
rCorr    .         Rampage  .   (no gloves)
Will     +....                  (no boots)
Stlth    ..........             (no amulet)
HPRegen  0.21/turn              m - ring of see invisible
MPRegen  0.10/turn              e - ring of willpower

@: no status effects
A: horns 2, retaliatory headbutt
a: Renounce Religion, Heroism


You were on level 6 of the Dungeon.
You worshipped Okawaru.
Okawaru was aware of your devotion.
You visited 1 branch of the dungeon, and saw 6 of its levels.

You collected 367 gold pieces.

Inventory:

Hand Weapons
 a - a +1 war axe (weapon)
Armour
 b - a +0 scale mail
 c - a +0 kite shield (worn)
 h - a +0 chain mail
 o - a +0 plate armour (worn)
Jewellery
 e - a ring of willpower (right hand)
 m - a ring of see invisible (left hand)
Wands
 f - a wand of flame (23)
Scrolls
 j - a scroll of fog
 n - a scroll of immolation
 p - a scroll of teleportation
 q - a scroll of silence
Potions
 d - 2 potions of ambrosia
 g - a potion of resistance
 i - a potion of curing
 k - a potion of brilliance


   Skills:
 - Level 3.8 Fighting
 + Level 11.5 Axes
 - Level 3.8 Armour
 - Level 3.9 Shields


You had 7 spell levels left.
You didn't know any spells.
Your spell library contained the following spells:

 Spells                   Type           Power      Damage    Failure   Level
 Sandblast                Erth           0%         2d4       100%        1
 Passwall                 Tmut/Erth      0%         N/A       100%        2
 Call Canine Familiar     Summ           0%         N/A       100%        3
 Conjure Flame            Conj/Fire      0%         6-21      100%        3
 Ignite Poison            Fire/Tmut/Pois 0%         N/A       100%        3
 Portal Projectile        Hex/Tloc       0%         N/A       100%        3
 Cause Fear               Hex            0%         N/A       100%        4
 Leda's Liquefaction      Hex/Erth       0%         N/A       100%        4
 Olgreb's Toxic Radiance  Pois           0%         N/A       100%        4
 Sticky Flame             Conj/Fire      0%         2d3       100%        4
 Lee's Rapid Deconstruct  Erth           0%         3d5*      100%        5
 Dragon Form              Tmut           0%         N/A       100%        7
 Ozocubu's Refrigeration  Ice            0%         4d5       100%        7
 Ignition                 Fire           0%         3d3       100%        8
 Dragon's Call            Summ           0%         N/A       100%        9


Dungeon Overview and Level Annotations

Branches:
Dungeon (6/15)
 Temple: D:4-7

Altars:
Makhleb
Okawaru
Trog
Vehumet
Yredelemnul

Shops:
D:3 *

Annotations:
D:2 Sigmund
D:5 exclusion: statue


Innate Abilities, Weirdness & Mutations

You have a pair of horns on your head.
You reflexively headbutt those who attack you in melee.


Message History

You barely miss the orc priest. You block the orc priest's attack. x3
You hit the orc priest.
The orc priest is lightly wounded.
The orc priest hits you with a +0 club. The orc priest barely misses you.
You hit the orc priest. You headbutt the orc priest!
The orc priest is almost dead.
The orc priest looks braver for a moment.
The orc priest barely misses you.
The orc priest hits you but does no damage.
You hit the orc priest but do no damage.
The orc priest is almost dead.
The orc priest barely misses you.
The orc priest hits you but does no damage.
Your plate armour prevents you from hitting the orc priest.
You headbutt the orc priest.
You kill the orc priest!
Okawaru accepts your kill.
The orc priest mumbles some strange prayers to Beogh against you.
You resist with some effort.
The orc priest invokes the aid of Beogh against you.
Beogh smites you!
* * * LOW HITPOINT WARNING * * *
Items here: )))) [[[ †.
You barely miss the orc priest. Your headbutt misses the orc priest.
The orc priest hits you with a +0 trident.
* * * LOW HITPOINT WARNING * * *
You slash the orc priest!
The orc priest is severely wounded.
The orc priest hits you but does no damage.
You hit the orc priest.
The orc priest is severely wounded.
The orc priest hits you but does no damage.
The orc priest invokes the aid of Beogh against you.
Beogh smites you!
* * * LOW HITPOINT WARNING * * *
You closely miss the orc priest. You headbutt the orc priest.
The orc priest is almost dead.
The orc priest calls down the wrath of Beogh upon you.
Pain shoots through your body!
You die...

######### ## .
#....... .# .Z.
#.##.#.###.#
#..####.##.#... ..
.#..o.......... .#
.........#..#.# .#
###.####.#..#o###$#
#......@...# ....
##...####### .#.#
#...# .#.# #...#
.#.# #...# ...#
#...#
...########...###.#
...##..............
...>...............


You could see an orc priest.

Vanquished Creatures
  Menkaure (D:4)
  A water moccasin (D:4)
  An orc warrior (D:6)
  An ice beast (D:4)
  2 phantoms
  A scorpion (D:5)
  A wyvern zombie (D:5)
  2 orc priests (D:6)
  A jelly (D:5)
  3 hounds
  A bullfrog skeleton (D:5)
  Jessica (D:2)
  2 iguanas (D:5)
  An orc wizard (D:6)
  A hound skeleton (D:5)
  Robin (D:4)
  A gnoll (D:2)
  4 adders
  An ufetubus (D:5)
  An adder skeleton (D:4)
  A worm (D:5)
  5 dart slugs
  7 orcs
  9 ball pythons
  9 endoplasms
  2 giant cockroaches
  11 hobgoblins
  14 jackals
  2 quokkas
  4 bats
  4 frilled lizards
  20 goblins
  2 kobolds
  8 rats
126 creatures vanquished.

Notes
Turn   | Place    | Note
-------+----------+-------------------------------------------
     0 | D:1      | sobakacece the Minotaur Fighter began the quest for the
                  | Orb.
     0 | D:1      | Reached XP level 1. HP: 19/19 MP: 0/0
   276 | D:1      | Reached XP level 2. HP: 27/27 MP: 1/1
   352 | D:1      | Reached skill level 3 in Axes
   475 | D:1      | Reached XP level 3. HP: 31/33 MP: 2/2
   705 | D:2      | Noticed Sigmund
  1334 | D:2      | Noticed a phantom
  1348 | D:2      | Killed a phantom
  1349 | D:2      | Reached skill level 5 in Axes
  1349 | D:2      | Reached XP level 4. HP: 40/40 MP: 3/3
  1491 | D:2      | Found a faded altar of an unknown god.
  1505 | D:2      | Reached XP level 5. HP: 46/46 MP: 4/4
  1579 | D:2      | Reached skill level 6 in Axes
  1697 | D:2      | Noticed Jessica
  1714 | D:2      | Killed Jessica
  2329 | D:3      | Found an iron altar of Okawaru.
  2356 | D:3      | Became a worshipper of Warmaster Okawaru
  2361 | D:3      | Found Homuorre's General Store.
  2662 | D:3      | Reached skill level 7 in Axes
  2736 | D:3      | Found a basalt altar of Yredelemnul.
  3587 | D:4      | Noticed a water moccasin
  3600 | D:4      | Killed a water moccasin
  3601 | D:4      | Reached skill level 8 in Axes
  3601 | D:4      | Reached XP level 6. HP: 41/52 MP: 5/5
  3725 | D:4      | Noticed an ice beast
  3731 | D:4      | Killed an ice beast
  3814 | D:4      | Noticed Menkaure
  3814 | D:4      | Noticed Robin
  4400 | D:4      | Killed Robin
  4400 | D:4      | Reached * piety under Okawaru
  4401 | D:4      | Reached XP level 7. HP: 55/58 MP: 6/6
  4464 | D:4      | Reached skill level 9 in Axes
  4502 | D:4      | Killed Menkaure
  4552 | D:4      | Found a burning altar of Makhleb.
  4687 | D:5      | Entered Level 5 of the Dungeon
  4805 | D:5      | Reached skill level 10 in Axes
  5187 | D:5      | Found a radiant altar of Vehumet.
  5325 | D:5      | Reached XP level 8. HP: 66/66 MP: 7/7
  5531 | D:5      | Noticed a moth of wrath
  5535 | D:5      | Found a bloodstained altar of Trog.
  5608 | D:6      | Reached skill level 11 in Axes
  5778 | D:6      | Killed from afar by an orc priest

Illustrated notes

Levels and vault maps discovered:
D:1:      lemuel_arrival_cross, layout_rooms, minmay_misc_feat_pillars
D:2:      layout_loops_cross, hellmonk_ecumenical_altar_lost_god,
          minmay_hexomino_f4, uniq_jessica, uniq_sigmund
D:3:      layout_basic, okawaru_gym_becter, old_standard_altar, serial_shops,
          nicolae_square_shop
D:4:      layout_basic, general_overflow_altar, uniq_robin, uniq_menkaure
D:5:      cheibrodos_quashed, layout_layer_cave, tgw_trog, vehumet_statue,
          portal_sewer_entry_b, minmay_misc_feat_ornament
D:6:      layout_loops_cross, nicolae_overflow_crystal_walls, grunt_ministairs_4

Skill      XL: |  1  2  3  4  5  6  7  8 |
---------------+-------------------------+-----
Axes           | 3 5 8 10 11 | 11.5
Fighting       | |  3.8
Armour         | |  3.8
Shields        | |  3.9

Action                   |  1- 3 |  4- 6 |  7- 9 || total
-------------------------+-------+-------+-------++-------
Melee: War axe           |    49 |   139 |    83 ||   271
       Headbutt          |    10 |    16 |    24 ||    50
Invok: Heroism           |       |       |     1 ||     1
Evoke: Wand              |       |     3 |       ||     3
  Use: Scroll            |     5 |     4 |     2 ||    11
       Potion            |     4 |     1 |     1 ||     6
Armor: Scale mail        |    24 |    31 |       ||    55
       Chain mail        |       |    49 |       ||    49
       Plate armour      |       |     3 |    34 ||    37
Dodge: Dodged            |    19 |    32 |    13 ||    64
Block: Kite shield       |    24 |    84 |    34 ||   142
